 Dungeon Crawl Stone Soup version 0.31-a0-816-gd61d57ddb1 (webtiles) character file.

Game seed: 8510310669111367961

1693131 DocSulfur the Conqueror (level 27, 199/199 HPs)
             Began as a Tengu Berserker on Sept 22, 2023.
             Was a High Priest of Trog.
             Escaped with the Orb
             ... and 3 runes!
             The game lasted 04:10:37 (69692 turns).

DocSulfur the Conqueror (Tengu Berserker)          Turns: 69692, Time: 04:10:38

Health: 199/199    AC: 43    Str: 36    XL:     27
Magic:  33/33      EV: 22    Int:  8    God:    Trog [*****.]
Gold:   2701       SH: 22    Dex: 17    Spells: 26/26 levels left

rFire   + + .        a - +9 trident (heavy)
rCold   + + .        N - +0 tower shield
rNeg    + . .        z - +13 crystal plate armour
rPois   +            X - -2 hat of the Alchemist {rElec rPois rF+ rC+ rN+ Will+ rMut rCorr}
rElec   +            F - scarf {rC+ rF+}
rCorr   +            i - +2 pair of gloves {Str+3}
SInv    +            (boots unavailable)
Will    ++++.        f - amulet of regeneration Stlth
                     n - ring of see invisible
HPRegen 1.33/turn    e - ring "Tewk" {Will+ MP+9 Str+3 Slay+4}
MPRegen 0.23/turn

%: acrobat, resist mutation
@: flying, hasted, very quick
A: beak, talons 3, evasive flight, acrobatic, agile 1, screaming 1
0: Orb of Zot
}: 3/15 runes: serpentine, barnacled, silver
a: Renounce Religion, Berserk, Trog's Hand, Brothers in Arms


You escaped.
You worshipped Trog.
Trog was extremely pleased with you.
You visited 11 branches of the dungeon, and saw 51 of its levels.
You visited 1 bazaar.
You also visited: Ice Cave.

You collected 7620 gold pieces.
You spent 4919 gold pieces at shops.

Inventory:

Hand Weapons
 a - a +9 heavy trident (weapon)
 c - a +5 demon trident
 Q - a +2 vampiric demon trident
Missiles
 x - 7 javelins
 B - 5 throwing nets
 D - 3 silver javelins
 E - 33 boomerangs (quivered)
 H - 14 curare-tipped darts
Armour
 i - a +2 pair of gloves of strength (worn)
 u - a +4 plate armour of fire resistance
 z - a +13 crystal plate armour (worn)
 F - a scarf of resistance (worn)
 N - a +0 tower shield (worn)
 X - the -2 hat of the Alchemist (worn) {rElec rPois rF+ rC+ rN+ Will+ rMut rCorr}
   (You bought it in a shop on level 4 of the Dungeon)

   rF+:       It protects you from fire.
   rC+:       It protects you from cold.
   rElec:     It insulates you from electricity.
   rPois:     It protects you from poison rN+: It protects you from negative
   energy.
   Will+:     It increases your willpower.
   rCorr:     It protects you from acid and corrosion.
   rMut:      It protects you from mutation.
Jewellery
 e - the ring "Tewk" (right hand) {Will+ MP+9 Str+3 Slay+4}
   (You took it off a frost giant on level 5 of the Vaults)

   [ring of slaying]

   Str+3:     It affects your strength (+3).
   Slay+4:    It affects your accuracy & damage with ranged weapons and melee
   (+4).
   Will+:     It increases your willpower.
   MP+9:      It affects your magic capacity (+9).
 f - an amulet of regeneration (around neck)
 n - a ring of see invisible (left hand)
 y - an amulet of reflection
 P - a +4 ring of protection
 Y - a +6 ring of strength
Wands
 w - a wand of light (7)
 A - a wand of mindburst (30)
 L - a wand of charming (29)
 W - a wand of roots (30)
 Z - a wand of digging (15)
Scrolls
 b - 4 scrolls of butterflies
 k - 4 scrolls of poison
 o - 11 scrolls of fear
 p - 13 scrolls of teleportation
 q - 14 scrolls of vulnerability
 r - 8 scrolls of fog
 t - 4 scrolls of immolation
 C - 4 scrolls of blinking
 J - a scroll of silence
Potions
 d - 5 potions of mutation
 g - 16 potions of curing
 s - 6 potions of attraction
 G - a potion of invisibility
 I - a potion of enlightenment
 K - 5 potions of lignification
 M - 2 potions of heal wounds
 U - 2 potions of might
 V - 3 potions of cancellation
Miscellaneous
 l - a phantom mirror
 m - a lightning rod (4/4)
 R - a phial of floods
 S - a condenser vane
 T - a sack of spiders


   Skills:
 O Level 27 Fighting
 * Level 24.8 Polearms
 - Level 10.4 Throwing
 - Level 22.3 Armour
 - Level 20.3 Dodging
 - Level 20.6 Shields
 - Level 13.3 Evocations


You had 26 spell levels left.
You didn't know any spells.
Your spell library contained the following spells:

 Spells                   Type           Power      Damage    Failure   Level
 Apportation              Tloc           0%         N/A       98%         1
 Foxfire                  Conj/Fire      0%         2x1d4     98%         1
 Freeze                   Ice            0%         1d3       98%         1
 Necrotise                Necr           0%         1d4       98%         1
 Sting                    Tmut/Pois      0%         1d3       98%         1
 Summon Small Mammal      Summ           0%         N/A       98%         1
 Blink                    Tloc           0%         N/A       99%         2
 Cigotuvi's Dreadful Rot  Necr/Pois/Air  0%         N/A       99%         2
 Ensorcelled Hibernation  Hex/Ice        0%         N/A       99%         2
 Jinxbite                 Hex            0%         N/A       99%         2
 Lesser Beckoning         Tloc           0%         N/A       99%         2
 Poisonous Vapours        Pois/Air       0%         N/A       99%         2
 Scorch                   Fire           0%         2d5       99%         2
 Static Discharge         Conj/Air       0%         2-2/arc   99%         2
 Sublimation of Blood     Necr           0%         N/A       99%         2
 Wereblood                Tmut           0%         N/A       99%         2
 Call Canine Familiar     Summ           0%         N/A       100%        3
 Dazzling Flash           Conj/Hex       0%         N/A       100%        3
 Frozen Ramparts          Ice            0%         1d1       100%        3
 Gell's Gravitas          Tloc           0%         N/A       100%        3
 Hailstorm                Conj/Ice       0%         3d3       100%        3
 Ignite Poison            Fire/Tmut/Pois 0%         N/A       100%        3
 Inner Flame              Hex/Fire       0%         N/A       100%        3
 Mephitic Cloud           Conj/Pois/Air  0%         N/A       100%        3
 Sigil of Binding         Hex            0%         N/A       100%        3
 Stone Arrow              Conj/Erth      0%         3d7       100%        3
 Summon Guardian Golem    Hex/Summ       0%         N/A       100%        3
 Teleport Other           Tloc           0%         N/A       100%        3
 Vampiric Draining        Necr           0%         2d6       100%        3
 Volatile Blastmotes      Fire/Tloc      0%         2d10      100%        3
 Airstrike                Air            0%         2d(0-16)  100%        4
 Anguish                  Hex/Necr       0%         N/A       100%        4
 Animate Armour           Summ/Erth      0%         N/A       100%        4
 Animate Dead             Necr           0%         N/A       100%        4
 Brom's Barrelling Bould  Conj/Erth      0%         2d3       100%        4
 Dimensional Bullseye     Hex/Tloc       0%         N/A       100%        4
 Dispel Undead            Necr           0%         3d6       100%        4
 Flame Wave               Conj/Fire      0%         2d4       100%        4
 Fulminant Prism          Conj/Hex       0%         3d5       100%        4
 Iskenderun's Mystic Bla  Conj/Tloc      0%         2d3       100%        4
 Leda's Liquefaction      Hex/Erth       0%         N/A       100%        4
 Manifold Assault         Tloc           0%         N/A       100%        4
 Olgreb's Toxic Radiance  Pois           0%         N/A       100%        4
 Passage of Golubria      Tloc           0%         N/A       100%        4
 Petrify                  Tmut/Erth      0%         N/A       100%        4
 Sticky Flame             Conj/Fire      0%         2d3       100%        4
 Summon Ice Beast         Ice/Summ       0%         N/A       100%        4
 Summon Lightning Spire   Summ/Air       0%         N/A       100%        4
 Agony                    Necr           0%         N/A       100%        5
 Alistair's Intoxication  Tmut/Pois      0%         N/A       100%        5
 Borgnjor's Vile Clutch   Necr/Erth      0%         N/A       100%        5
 Fireball                 Conj/Fire      0%         3d3       100%        5
 Freezing Cloud           Conj/Ice/Air   0%         6-21      100%        5
 Irradiate                Conj/Tmut      0%         3d11      100%        5
 Iskenderun's Battlesphe  Conj           0%         2d6       100%        5
 Lee's Rapid Deconstruct  Erth           0%         3d4*      100%        5
 Silence                  Hex/Air        0%         N/A       100%        5
 Summon Forest            Summ/Tloc      0%         N/A       100%        5
 Conjure Ball Lightning   Conj/Air       0%         3x3d6     100%        6
 Eringya's Noxious Bog    Tmut/Pois      0%         4d6       100%        6
 Plasma Beam              Fire/Air       0%         2x1d10    100%        6
 Simulacrum               Ice/Necr       0%         N/A       100%        6
 Starburst                Conj/Fire      0%         6d3       100%        6
 Summon Cactus Giant      Summ           0%         N/A       100%        6
 Haunt                    Necr/Summ      0%         N/A       100%        7
 Orb of Destruction       Conj           0%         9d5       100%        7
 Summon Hydra             Summ           0%         N/A       100%        7
 Discord                  Hex            0%         N/A       100%        8
 Disjunction              Tloc           0%         N/A       100%        8
 Infestation              Necr           0%         N/A       100%        8
 Lehudib's Crystal Spear  Conj/Erth      0%         10d2      100%        8
 Polar Vortex             Ice            0%         N/A       100%        9


Dungeon Overview and Level Annotations

Branches:
Dungeon (15/15)            Temple (1/1) D:5            Lair (5/5) D:11
 Shoals (4/4) Lair:2        Snake (4/4) Lair:3        Slime (0/5) Lair:5
    Orc (2/2) D:10            Elf (3/3) Orc:2        Vaults (5/5) D:13
  Crypt (3/3) Vaults:2       Tomb (0/3) Crypt:3      Depths (4/4) D:15
    Zot (5/5) Depths:4      IceCv (visited)

Altars:
Ashenzari
Cheibriados
Dithmenos
Elyvilon
Fedhas
Gozag
Hepliaklqana
Kikubaaqudgha
Makhleb
Nemelex Xobeh
Okawaru
Qazlal
Ru
Sif Muna
Trog
Uskayaw
Vehumet
Wu Jian
Xom
Yredelemnul
Zin
The Shining One

Shops:
D:2 [   D:4 [   D:10 *   Orc:2 [:(*   Elf:3 [=   Shoals:4 (   Snake:1 [
Snake:4 *   Vaults:2 [[   Zot:2 *   Depths:3 =::

Portals:
Hell: Depths:1 Depths:2 Depths:3 Depths:4
Abyss: Depths:1 Depths:2 Depths:3 Depths:4
Pandemonium: Depths:2
Ziggurat: Depths:2

Annotations:
Shoals:2 1 runed translucent door, Goeskeom's ghost, adept OgEE
Elf:1 3 runed translucent doors, AceOff's ghost, journeyman DsSh
Vaults:1 2 transporters, Plog's ghost, adept AtMo
Zot:5 exclusion: 2 upstairs


Innate Abilities, Weirdness & Mutations

You have a beak for a mouth.
You have claws for feet.
Your magical flight helps you evade attacks. (EV +4)
You can magically evade attacks while moving or waiting.
You are agile. (Dex +4, Str/Int -1)
You occasionally shout uncontrollably at your foes.


Message History

You peck the sixfirhy, but do no damage.
The sixfirhy is almost dead.
The sixfirhy hits you but does no damage.
The sixfirhy barely misses you. You block the sixfirhy's attack.
The sixfirhy closely misses you.
You miss the sixfirhy. Your peck misses the sixfirhy.
The sixfirhy is almost dead.
You perforate the sixfirhy like a sieve!!!
You kill the sixfirhy!
Trog accepts your kill.
There is a stone staircase leading up here.
You fly upwards.
There is a stone staircase leading down here.
There is a stone staircase leading up here.
You fly upwards.
There is a stone staircase leading down here.
There is a stone staircase leading up here.
You fly upwards.
There is a stone staircase leading down here.
There is a stone staircase leading up here.
You fly upwards.
There is a stone staircase leading down here.
You reach down and open the door.
There is an open door here.
There is a stone staircase leading up here.
You fly upwards.
There is a stone staircase leading down here.
A red devil comes into view. It is wielding a +0 trident.
You block the red devil's attack.
You reach to attack!
You barely miss the red devil. You block the red devil's attack.
You reach to attack!
You impale the red devil!!
The red devil is almost dead.
You reach to attack!
You perforate the red devil like a sieve!!!!
You kill the red devil!
Trog accepts your kill.
You feel yourself speed up.
There is a staircase leading out of the dungeon here.
You have escaped!

#.............####
#################.......#
#≈≈≈≈≈≈≈~~~##...........#
#≈≈≈≈≈≈~~....≈~≈..##....###
#≈≈≈≈~.....~≈~~~...#..#....
#≈≈~~...≈~~≈≈~.~~~....#.##.
#≈≈....~~.≈≈≈≈..~....##.#..
#≈~...~≈~~≈≈≈~~~......#....
#≈~....~~≈@~~~..~.~..#.....
#≈≈~~...≈≈~.≈.~~.~..##.....
#≈≈≈≈≈....~.≈≈~≈~...###..#.
#≈≈≈≈≈~~~...~~~......#.....
#≈≈≈≈≈≈≈≈≈~......###....##.
################## ########


There were no monsters in sight!

Vanquished Creatures
  3 dread liches
  3 orbs of fire (Zot:5)
  3 ancient liches (Zot:5)
  A royal mummy (Depths:2)
  A shard shrike (Depths:2)
  2 curse toes
  Margery (Vaults:2)
  4 Killer Klowns (Zot:5)
  Vashnia (Snake:4)
  4 caustic shrikes (Depths:4)
  6 golden dragons
  A bone dragon (Depths:2)
  Nikola (Snake:4)
  A profane servitor (Crypt:1)
  4 electric golems
  The ghost of Konoat the Impregnable, an adept MiFi of the Shining One (Vaults:4)
  14 tentacled monstrosities
  Jorgrun (Shoals:1)
  3 Ice Fiends
  Asterion (Vaults:3)
  5 deep elf blademasters
  Mlioglotl (Snake:1)
  A walking frostbound tome (Depths:4)
  Zenata (Crypt:2)
  28 Orb Guardians
  6 liches
  2 titans
  6 acid blobs
  6 ancient champions
  7 sphinxes
  2 walking earthen tomes (Depths:4)
  3 deep elf master archers
  5 quicksilver dragons
  The ghost of Armakuni the Purifying Human, an adept HuAr of Elyvilon (Shoals:3)
  11 death cobs
  12 storm dragons
  8 tengu reavers
  11 shadow dragons
  Donald (Vaults:1)
  6 draconian monks
  6 nagarajas
  The ghost of SeagullWaffle the Fencer, an adept MiHu of Hepliaklqana (Shoals:3)
  An azure jelly (Depths:2)
  Aizul (Snake:2)
  2 revenants
  2 rockslimes (Depths:2)
  6 frost giants
  4 draconian knights
  3 iron dragons
  4 draconian shifters
  A fire giant (shapeshifter) (Depths:4)
  12 fire giants
  4 draconian scorchers
  3 orc warlords
  2 balrugs
  20 vault wardens
  A ghost moth (Zot:4)
  6 deep elf sorcerers
  4 deep elf elementalists (Elf:3)
  An angel (D:6)
  3 curse skulls
  4 draconian annihilators
  25 ironbound preservers
  3 draconian stormcallers
  4 ghouls
  A quicksilver ooze (shapeshifter) (Vaults:4)
  6 ironbound thunderhulks
  The ghost of Dopuerchorowk the Grappler, a journeyman TrFi of Wu Jian (Lair:2)
  5 spriggan defenders
  12 very ugly things
  2 formless jellyfish
  A war gargoyle (Vaults:1)
  2 reapers
  A quicksilver ooze (Depths:2)
  A demonspawn blood saint (Depths:2)
  7 deep elf demonologists (Elf:3)
  16 stone giants
  A demonspawn black sun (Depths:2)
  Nessos (Lair:5)
  9 vampire knights
  3 lorocyprocas
  8 green draconians
  12 black draconians
  6 red draconians
  6 deep elf annihilators
  10 white draconians
  2 dire elephants
  9 purple draconians
  14 yellow draconians
  7 eidola
  10 deep elf death magi
  2 pearl dragon zombies (Crypt:1)
  A blizzard demon (Depths:2)
  4 merfolk javelineers
  A quicksilver dragon zombie (Crypt:1)
  6 crystal guardians
  14 merfolk impalers
  Josephine (D:15)
  3 entropy weavers
  An entropy weaver (shapeshifter) (D:10)
  2 jiangshi (Crypt:2)
  A mummy priest (Depths:2)
  17 yaktaur captains
  2 deep elf high priests (Elf:3)
  A great orb of eyes (shapeshifter) (Vaults:5)
  11 ettins
  12 fire dragons
  2 great orbs of eyes
  A hell beast (Depths:1)
  9 ice dragons
  4 hydras
  4 caustic shrike simulacra (IceCv)
  34 vault guards
  6 salamander tyrants
  2 catoblepae
  11 spriggan air magi
  2 rakshasas
  7 centaur warriors
  4 peacekeepers
  A spriggan skeleton (Crypt:3)
  2 ogre magi
  4 merfolk avatars
  6 ironbound frosthearts
  5 two-headed ogres
  18 anacondas
  5 satyrs
  9 deep troll shamans
  3 merfolk aquamancers (Shoals:4)
  3 boulder beetles
  9 death yaks
  12 naga warriors
  2 death knights
  6 tengu warriors
  5 vampire magi
  5 spriggan berserkers
  4 hell hogs
  35 dancing weapons
  9 shock serpents
  Sonja (Lair:5)
  2 death scarabs (Depths:2)
  10 deep troll earth magi
  2 sun demons (Zot:2)
  12 hell knights
  Nergalle (D:12)
  11 naga sharpshooters
  An emperor scorpion zombie (Crypt:1)
  Amaemon (D:9)
  15 deep elf knights
  3 iron trolls
  12 salamander mystics
  6 skysharks
  4 shadow wraiths
  70 deep trolls
  20 skeletal warriors
  12 sea snakes
  A sixfirhy (D:6)
  An orange crystal statue (Depths:1)
  A sea snake (shapeshifter) (Vaults:5)
  A swamp dragon (shapeshifter) (Elf:3)
  6 naga ritualists
  A deep troll (shapeshifter) (D:15)
  A golden dragon zombie (Crypt:1)
  7 wizards
  3 flayed ghosts
  3 bog bodies (IceCv)
  A golden dragon skeleton (Crypt:2)
  A swamp dragon (Lair:5)
  12 deep elf archers
  2 glowing orange brains
  A steelbarb worm (shapeshifter) (D:11)
  2 obsidian statues (IceCv)
  17 ironbound convokers
  40 deep elf pyromancers
  14 lindwurms
  15 harpies
  A harpy (shapeshifter) (D:13)
  3 tengu skeletons
  36 deep elf zephyrmancers
  An anaconda skeleton (Crypt:1)
  6 orc knights
  11 phantasmal warriors
  15 fauns
  10 necromancers
  An iron dragon zombie (Crypt:3)
  10 mana vipers
  43 ugly things
  39 salamanders
  4 oklob plants
  4 cyclopes
  8 manticores
  3 orc sorcerers (Orc:2)
  A toenail golem (D:15)
  30 elephants
  An alligator skeleton (Crypt:3)
  23 moths of wrath
  A frost giant skeleton (Vaults:2)
  A rust devil (Depths:2)
  5 human skeletons (Vaults:2)
  12 naga magi
  9 guardian serpents
  32 black mambas
  21 vault sentinels
  7 merfolk sirens
  4 apis skeletons (Crypt:1)
  13 cane toads
  3 smoke demons
  An orange demon (D:9)
  4 water nymphs
  An elf skeleton (Vaults:2)
  4 rime drakes
  50 yaktaurs
  A grey draconian zombie (Crypt:2)
  A tormentor (Depths:2)
  A gargoyle (D:13)
  5 komodo dragons
  An unseen horror (D:13)
  2 dire elephant skeletons (Crypt:3)
  A hellion (Zot:3)
  5 efreet
  A guardian mummy (Crypt:3)
  2 tengu conjurers
  2 ice devils (Depths:2)
  13 freezing wraiths
  A yellow draconian skeleton (Crypt:3)
  A golden dragon simulacrum (IceCv)
  2 red devils
  26 merfolk
  11 trolls
  A mana viper skeleton (Crypt:2)
  3 meliai (D:15)
  A harpy zombie (Crypt:3)
  6 wind drakes
  A tengu simulacrum (Depths:1)
  10 hornets
  An alligator simulacrum (IceCv)
  9 snapping turtles
  9 dream sheep
  13 blink frogs
  A death drake skeleton (Crypt:1)
  Sigmund (D:4)
  3 ettin skeletons (Vaults:2)
  A centaur simulacrum (D:14)
  8 flying skulls
  A culicivora (D:14)
  9 slime creatures
  8 spriggans
  A shadow (D:9)
  A satyr skeleton (Crypt:2)
  6 air elementals
  2 yaks (shapeshifter)
  A ynoxinul (D:15)
  6 water elementals
  8 wraiths
  58 yaks
  A vampire (D:14)
  4 basilisks
  A wyvern (D:10)
  3 fire elementals (Elf:3)
  5 redbacks
  A redback (shapeshifter) (Vaults:5)
  4 steam dragons
  9 vampire mosquitoes
  Grum (D:11)
  A harpy simulacrum (IceCv)
  A glowing shapeshifter zombie (Depths:1)
  32 nagas
  Edmund (D:4)
  3 wargs
  4 acid dragons
  Duvessa (D:7)
  5 hydra simulacra (IceCv)
  7 water moccasins
  A glowing shapeshifter skeleton (Vaults:2)
  3 swamp drakes (Lair:5)
  23 orc warriors
  4 ice beasts (D:11)
  9 black bears
  A faun skeleton (Crypt:2)
  A merfolk simulacrum (Crypt:3)
  2 ettin simulacra (IceCv)
  A black bear (shapeshifter) (Elf:1)
  9 ogres
  An ogre (shapeshifter) (Elf:3)
  A boggart (Vaults:3)
  16 wolves
  A phantom (D:6)
  2 centaurs
  4 kobold brigands
  21 bullfrogs
  4 scorpions
  A cyclops zombie (Crypt:3)
  A gnoll sergeant (D:7)
  4 deep troll simulacra (IceCv)
  3 earth elementals
  11 wights
  A queen bee zombie (Crypt:2)
  Dowan (D:7)
  13 killer bees
  2 shapeshifter skeletons (Crypt:1)
  6 howler monkeys
  3 lava snakes (Snake:1)
  25 jellies
  A basilisk zombie (Crypt:3)
  A human zombie (Crypt:1)
  A wolf skeleton (Crypt:1)
  6 hounds
  A gnoll bouda (D:8)
  19 orc priests
  A centaur skeleton (Crypt:3)
  25 orc wizards
  3 sleepcaps
  6 iguanas
  11 hell rats
  A lightning spire (Zot:1)
  A naga zombie (Crypt:3)
  11 mummies (Crypt:3)
  A howler monkey zombie (Crypt:1)
  12 gnolls
  9 adders
  A shadow imp (D:7)
  A white imp (D:7)
  2 ufetubi
  A jelly zombie (Crypt:1)
  6 worms
  2 dart slugs (D:3)
  56 orcs
  6 ball pythons
  7 endoplasms
  4 giant cockroaches
  7 hobgoblins
  8 quokkas
  4 bats
  6 frilled lizards
  2 goblins (D:2)
  20 kobolds
  A kobold skeleton (Crypt:3)
  16 rats
  A river rat skeleton (Crypt:2)
  A butterfly (Lair:2)
  A spectral weapon (Shoals:1)
2261 creatures vanquished.

Vanquished Creatures (collateral kills)
  Tiamat (Zot:1)
  An orb of fire (Zot:5)
  A golden dragon (Depths:4)
  2 quicksilver dragons
  A titan (Vaults:5)
  A sphinx (Depths:2)
  An ancient champion (Depths:2)
  2 shadow dragons (Vaults:5)
  2 tengu reavers
  A storm dragon (Vaults:5)
  An azure jelly (Depths:2)
  A fire giant (Depths:4)
  A rockslime (Depths:2)
  A draconian monk (Zot:1)
  A frost giant (Depths:4)
  A draconian knight (Zot:1)
  A deep elf sorcerer (Depths:2)
  A draconian shifter (Zot:2)
  A vault warden (Vaults:5)
  An orc warlord (Orc:2)
  A draconian annihilator (Zot:1)
  2 stone giants (Vaults:5)
  2 reapers (IceCv)
  3 ironbound preservers
  3 very ugly things (Vaults:5)
  A green draconian (Zot:1)
  A red draconian (Zot:1)
  A black draconian (Zot:1)
  2 white draconians (Zot:1)
  3 yellow draconians
  A spark wasp (Depths:2)
  4 purple draconians
  An ettin (Vaults:5)
  A deep elf high priest (Depths:2)
  2 yaktaur captains (Vaults:5)
  3 vault guards (Vaults:5)
  A great orb of eyes (Vaults:1)
  An ironbound frostheart (Vaults:1)
  An orc high priest (Orc:2)
  A spriggan berserker (Depths:4)
  An iron troll (Depths:4)
  A shadow wraith (Vaults:4)
  5 deep trolls
  A phantasmal warrior (Vaults:5)
  An ironbound convoker (Vaults:5)
  A harpy (Shoals:1)
  2 lindwurms (Vaults:1)
  An orc knight (Orc:2)
  An ugly thing (Vaults:5)
  4 elephants (Lair:2)
  A merfolk siren (Shoals:3)
  2 freezing wraiths (Vaults:4)
  6 yaktaurs
  A tengu conjurer (Depths:2)
  A wind drake (Shoals:3)
  6 merfolk
  2 blink frogs (Lair:2)
  2 slime creatures (Vaults:4)
  A yak (D:9)
  3 orc warriors (Orc:2)
  Blork the orc (Orc:2)
  2 orc priests (Orc:2)
  A jelly (Zot:2)
  3 orc wizards
  A gnoll (D:8)
  10 orcs
  2 kobolds
  2 spectral weapons (Orc:2)
123 creatures vanquished.

Vanquished Creatures (others)
  2 draconian monks (Zot:1)
  A deep elf knight (Elf:1)
  A deep troll (Vaults:1)
  3 deep elf pyromancers
  A necromancer (Depths:4)
  2 wizards
  A salamander (Snake:1)
  A frost giant zombie (Depths:1)
  An orc warrior (Orc:2)
  A human (D:3)
  2 jellies (Zot:2)
  2 orc priests
  An iguana (Lair:5)
  An orc wizard (D:8)
  A mummy (Crypt:3)
  2 orcs
  3 kobolds
  13 spectral weapons
39 creatures vanquished.

Grand Total: 2423 creatures vanquished

Notes
Turn   | Place    | Note
-------+----------+-------------------------------------------
     0 | D:1      | DocSulfur the Tengu Berserker began the quest for the Orb.
     0 | D:1      | Reached XP level 1. HP: 14/14 MP: 2/2
   163 | D:1      | Reached XP level 2. HP: 19/19 MP: 3/3
   609 | D:1      | Reached ** piety under Trog
   616 | D:1      | Reached XP level 3. HP: 22/23 MP: 4/4
  1185 | D:2      | Found Uticetiy's Armour Boutique.
  1397 | D:2      | Reached XP level 4. HP: 28/28 MP: 5/5
  1749 | D:2      | Reached skill level 1 in Throwing
  2045 | D:3      | Found an ancient bone altar of Kikubaaqudgha.
  2059 | D:3      | Noticed a human
  2060 | D:3      | Killed a human
  2128 | D:3      | Reached XP level 5. HP: 28/32 MP: 6/6
  2283 | D:3      | Gained mutation: You are agile. (Dex +4, Str/Int -1)
                  | [potion of mutation]
  2283 | D:3      | Gained mutation: You occasionally shout uncontrollably at
                  | your foes. [potion of mutation]
  2283 | D:3      | Gained mutation: You are very agile. (Dex +8, Str/Int -2)
                  | [potion of mutation]
  2295 | D:3      | Reached skill level 5 in Polearms
  2870 | D:4      | Reached XP level 6. HP: 22/37 MP: 7/7
  3149 | D:4      | Noticed Edmund
  3156 | D:4      | Killed Edmund
  3252 | D:4      | Noticed Sigmund
  3472 | D:4      | Gained mutation: Your magical flight helps you evade
                  | attacks. (EV +4) [Tengu growth]
  3472 | D:4      | Reached XP level 7. HP: 39/41 MP: 8/8
  3507 | D:4      | Found Dazoss's Antique Armour Shop.
  3599 | D:4      | Killed Sigmund
  3669 | D:5      | Entered Level 5 of the Dungeon
  3757 | D:5      | Found an ornate altar of the Wu Jian Council.
  4010 | D:5      | Reached XP level 8. HP: 42/46 MP: 9/9
  4024 | D:5      | Reached *** piety under Trog
  4369 | D:5      | Found a staircase to the Ecumenical Temple.
  4405 | Temple   | Entered the Ecumenical Temple
  4859 | D:6      | Found a burning altar of Makhleb.
  4867 | D:6      | Reached skill level 5 in Throwing
  4885 | D:6      | Identified the +4 trident "Emaniufemn" {spect, rF+ rCorr}
  5015 | D:6      | Reached skill level 10 in Polearms
  5028 | D:6      | Identified the orb "Gish" {mayhem, Rampage rPois rC+}
  5048 | D:6      | Reached XP level 9. HP: 51/51 MP: 10/10
  5144 | D:6      | Found a white marble altar of Elyvilon.
  5532 | D:6      | Identified the +1 whip of Yredelemnul's Regard {distort,
                  | rC- rN+ Dex+6}
  5737 | D:7      | Noticed Duvessa
  5738 | D:7      | Noticed Dowan
  5740 | D:7      | Killed Duvessa
  5742 | D:7      | Killed Dowan
  6004 | D:7      | Identified the +0 ring mail "Ijoniewa" {rF++}
  6248 | D:7      | Reached **** piety under Trog
  6501 | D:8      | Found a broken altar of Ashenzari.
  6562 | D:8      | Reached XP level 10. HP: 56/56 MP: 11/11
  6740 | D:8      | Found a snail-covered altar of Cheibriados.
  6740 | D:8      | Found a hazy altar of Hepliaklqana.
  7121 | D:9      | Reached skill level 4 in Fighting
  7567 | D:9      | Reached skill level 5 in Fighting
  7632 | D:9      | Reached skill level 6 in Fighting
  7801 | D:9      | Noticed Amaemon
  7801 | D:9      | Noticed an orange demon
  7808 | D:9      | Killed Amaemon
  7809 | D:9      | Reached skill level 7 in Fighting
  7809 | D:9      | Reached XP level 11. HP: 68/68 MP: 12/12
  7812 | D:9      | Reached skill level 8 in Fighting
  8230 | D:9      | Noticed a moth of wrath
  8232 | D:9      | Found a bloodstained altar of Trog.
  8253 | D:9      | Reached ***** piety under Trog
  8332 | D:9      | Found a sparkling altar of Nemelex Xobeh.
  8507 | D:10     | Entered Level 10 of the Dungeon
  8597 | D:10     | Reached skill level 9 in Fighting
  8628 | D:10     | Found a glowing silver altar of Zin.
  8629 | D:10     | Found Zin's Purification Station.
  8805 | D:10     | Found a staircase to the Orcish Mines.
  8840 | D:10     | Found a shimmering blue altar of Sif Muna.
  9213 | D:10     | Found a runed translucent door.
  9217 | D:10     | Noticed a six-headed hydra
  9223 | D:10     | Killed a six-headed hydra
  9224 | D:10     | Reached skill level 10 in Fighting
  9239 | D:10     | Received a gift from Trog
  9251 | D:10     | Noticed a centaur warrior
  9256 | D:10     | Killed a centaur warrior
  9268 | D:10     | Noticed an entropy weaver
  9275 | D:10     | Killed an entropy weaver
  9276 | D:10     | Reached skill level 11 in Fighting
  9325 | D:10     | Identified the +5 scale mail "Seleipn" {Int+4}
  9605 | D:2      | Bought a scarf of resistance for 384 gold pieces
  9830 | D:11     | Noticed Grum
  9847 | D:11     | Killed Grum
  9895 | D:11     | Noticed a two-headed ogre
  9939 | D:11     | Killed a two-headed ogre
  9940 | D:11     | Reached skill level 1 in Evocations
  9996 | D:11     | Found a staircase to the Lair.
 10002 | D:11     | Reached skill level 12 in Fighting
 10002 | D:11     | Reached XP level 12. HP: 81/81 MP: 13/13
 10557 | D:11     | Reached skill level 5 in Evocations
 11287 | D:12     | Reached skill level 13 in Fighting
 11548 | D:12     | Noticed Nergalle
 11556 | D:12     | Killed Nergalle
 11625 | D:12     | Noticed a two-headed ogre
 11630 | D:12     | Killed a two-headed ogre
 12038 | Lair:1   | Entered Level 1 of the Lair of Beasts
 12237 | Lair:1   | Noticed a fire dragon
 12260 | Lair:1   | Killed a fire dragon
 12429 | Lair:1   | Reached XP level 13. HP: 77/89 MP: 14/14
 13164 | Lair:2   | Found a large runed translucent door.
 13164 | Lair:2   | Found a large runed translucent door.
 13168 | Lair:2   | Noticed Dopuerchorowk's ghost (journeyman TrFi)
 13295 | Lair:2   | Identified the +4 quarterstaff "Qiawn" {venom, rF+ rC+
                  | Str+3}
 13485 | Lair:2   | Received a gift from Trog
 13612 | Lair:2   | Reached skill level 10 in Evocations
 13615 | Lair:2   | Reached skill level 10 in Throwing
 13992 | Lair:2   | Reached skill level 1 in Shields
 14102 | Lair:2   | Found a staircase to the Shoals.
 14451 | Lair:3   | Reached XP level 14. HP: 95/95 MP: 15/15
 14923 | Lair:3   | Found a staircase to the Snake Pit.
 15195 | Lair:3   | Reached skill level 5 in Armour
 15195 | Lair:3   | Reached skill level 5 in Dodging
 15425 | Lair:4   | Found a hazy altar of Hepliaklqana.
 16263 | Lair:5   | Entered Level 5 of the Lair of Beasts
 16336 | Lair:5   | Noticed Sonja
 16339 | Lair:5   | Identified the +8 spear of Trog's Scorn {flame, Fly rC+
                  | Str+7 Int-3} (Trog gifted it to you on level 5 of the Lair
                  | of Beasts)
 16339 | Lair:5   | Received a gift from Trog
 16365 | Lair:5   | Killed Sonja
 16447 | Lair:5   | Reached skill level 5 in Shields
 16745 | Lair:5   | Noticed Nessos
 16756 | Lair:5   | Killed Nessos
 16991 | Lair:5   | Reached XP level 15. HP: 68/100 MP: 16/16
 17312 | Lair:5   | Found a staircase to the Slime Pits.
 17912 | D:13     | Found a gate to the Vaults.
 17919 | D:13     | Reached skill level 10 in Dodging
 18055 | D:13     | Found a gateway to a bazaar.
 18946 | D:14     | Received a gift from Trog
 19482 | D:15     | Entered Level 15 of the Dungeon
 19509 | D:15     | Reached skill level 10 in Armour
 19833 | D:15     | Noticed Josephine
 19864 | D:15     | Killed Josephine
 20088 | D:15     | Found a staircase to the Depths.
 20261 | Orc:1    | Entered Level 1 of the Orcish Mines
 20285 | Orc:1    | Reached XP level 16. HP: 105/105 MP: 17/17
 20312 | Orc:1    | Received a gift from Trog
 20509 | Orc:2    | Entered Level 2 of the Orcish Mines
 20517 | Orc:2    | Noticed Blork the orc
 20522 | Orc:2    | Killed Blork the orc
 20655 | Orc:2    | Found Ovasef's Antique Weapon Boutique.
 20667 | Orc:2    | Found Mulal's General Store.
 20680 | Orc:2    | Bought a scroll of identify for 28 gold pieces
 20731 | Orc:2    | Found Xann's Antique Armour Boutique.
 20746 | Orc:2    | Found Qiseom's Book Boutique.
 20770 | Orc:2    | Found a staircase to the Elven Halls.
 21064 | Orc:2    | Found a burning altar of Makhleb.
 21126 | Orc:2    | Received a gift from Trog
 21743 | Bazaar   | Entered a bazaar
 21747 | Bazaar   | Found Dufinigh's Weapon Boutique.
 21765 | Bazaar   | Found Voivunun's Armour Shoppe.
 21785 | Bazaar   | Found Voskir's Magic Scroll Boutique.
 21808 | Bazaar   | Found Agruc's Magic Scroll Emporium.
 21876 | Bazaar   | Bought a +2 pair of gloves of strength for 236 gold pieces
 21903 | Bazaar   | Bought a scroll of acquirement for 676 gold pieces
 21903 | Bazaar   | Acquired a manual of Polearms
 21907 | Bazaar   | Bought a scroll of identify for 26 gold pieces
 21907 | Bazaar   | Bought a scroll of blinking for 97 gold pieces
 21907 | Bazaar   | Bought a scroll of identify for 26 gold pieces
 21941 | Bazaar   | Acquired 403 gold pieces
 21949 | Bazaar   | Bought a scroll of teleportation for 39 gold pieces
 21949 | Bazaar   | Bought a scroll of teleportation for 39 gold pieces
 21949 | Bazaar   | Bought a scroll of teleportation for 39 gold pieces
 21964 | Bazaar   | Bought 3 scrolls of identify for 90 gold pieces
 21964 | Bazaar   | Bought a scroll of blinking for 112 gold pieces
 21964 | Bazaar   | Bought a scroll of brand weapon for 142 gold pieces
 22372 | Shoals:1 | Entered Level 1 of the Shoals
 22643 | Shoals:1 | Noticed Jorgrun
 22650 | Shoals:1 | Killed Jorgrun
 22794 | Shoals:1 | Reached skill level 14 in Fighting
 23168 | Shoals:1 | Found a runed translucent door.
 23170 | Shoals:1 | Identified the +9 war axe of Paper {protect, Will- Int+4
                  | SInv}
 23275 | Shoals:1 | Reached skill level 15 in Polearms
 23331 | Shoals:1 | Acquired a +0 kite shield of cold resistance
 23610 | D:4      | Bought the -2 hat of the Alchemist {rElec rPois rF+ rC+ rN+
                  | Will+ rMut rCorr} for 1227 gold pieces
 23610 | D:4      | Found the -2 hat of the Alchemist {rElec rPois rF+ rC+ rN+
                  | Will+ rMut rCorr}
 24220 | Shoals:2 | Found a runed translucent door.
 24220 | Shoals:2 | Noticed Goeskeom's ghost (adept OgEE)
 24967 | Shoals:3 | Reached XP level 17. HP: 112/112 MP: 18/18
 24995 | Shoals:3 | Noticed SeagullWaffle's ghost (adept MiHu)
 25004 | Shoals:3 | Found a transporter.
 25012 | Shoals:3 | Found a transporter.
 25588 | Shoals:3 | Reached skill level 10 in Shields
 25730 | Shoals:4 | Entered Level 4 of the Shoals
 25754 | Shoals:4 | Reached skill level 15 in Fighting
 25856 | Shoals:4 | Identified the +3 halberd of Sin {heavy, Will- Str+4
                  | Stlth+} (Trog gifted it to you on level 4 of the Shoals)
 25856 | Shoals:4 | Received a gift from Trog
 26331 | Shoals:4 | Found Agyalutit's Antique Weapon Shoppe.
 26500 | Shoals:4 | Got a barnacled rune of Zot
 26507 | Shoals:4 | Found a runed translucent gate.
 26507 | Shoals:4 | Found a runed translucent gate.
 26507 | Shoals:4 | Found a runed translucent gate.
 26508 | Shoals:4 | Noticed Armakuni's ghost (adept HuAr)
 26590 | Shoals:3 | Killed Armakuni's ghost
 26816 | Shoals:4 | Identified the +1 helmet of Whack-A-Mole {Regen+}
 27274 | Shoals:3 | Reached ****** piety under Trog
 27284 | Shoals:3 | Killed SeagullWaffle's ghost
 27581 | Snake:1  | Entered Level 1 of the Snake Pit
 27593 | Snake:1  | Received a gift from Trog
 27655 | Snake:1  | Noticed Mlioglotl
 27665 | Snake:1  | Killed Mlioglotl
 27739 | Snake:1  | Found Xaypruts's Antique Armour Shop.
 27892 | Snake:1  | Reached skill level 16 in Fighting
 28034 | Snake:1  | Reached XP level 18. HP: 120/120 MP: 19/19
 28820 | Snake:2  | Noticed Aizul
 28834 | Snake:2  | Killed Aizul
 28844 | Snake:2  | Received a gift from Trog
 30313 | Snake:3  | Reached skill level 17 in Fighting
 30508 | Snake:3  | Received a gift from Trog
 30802 | Snake:4  | Entered Level 4 of the Snake Pit
 31038 | Snake:4  | Found Ussalun's Gadget Gallery.
 31045 | Snake:4  | Bought a phantom mirror for 560 gold pieces
 31127 | Snake:4  | Noticed Vashnia
 31144 | Snake:4  | Killed Vashnia
 31144 | Snake:4  | Received a gift from Trog
 31145 | Snake:4  | Reached XP level 19. HP: 62/128 MP: 20/20
 31469 | Snake:4  | Noticed Nikola
 31485 | Snake:4  | Killed Nikola
 32412 | Snake:4  | Reached skill level 18 in Fighting
 32474 | Snake:4  | Got a serpentine rune of Zot
 32856 | Lair:2   | Killed Dopuerchorowk's ghost
 32866 | Lair:2   | Identified the +5 hand axe "Nuups" {protect, rPois Will+
                  | Str-5}
 33003 | Vaults:1 | Entered Level 1 of the Vaults
 33026 | Vaults:1 | Received a gift from Trog
 33193 | Elf:1    | Entered Level 1 of the Elven Halls
 33246 | Elf:1    | Reached skill level 15 in Shields
 33607 | Elf:1    | Paralysed by an air elemental for 1 turns
 33628 | Elf:1    | Reached skill level 19 in Fighting
 33865 | Elf:1    | Found a runed translucent gate.
 34040 | Elf:1    | Received a gift from Trog
 34067 | Elf:1    | Reached XP level 20. HP: 139/139 MP: 21/21
 34084 | Elf:1    | Got a sparkling book
 34179 | Elf:1    | Found a runed translucent gate.
 34179 | Elf:1    | Found a runed translucent gate.
 34179 | Elf:1    | Identified the +1 leather armour "Heckebb" {rF+ rC+}
 34180 | Elf:1    | Identified the +9 lajatang "Caizen" {speed, *Rage +Blink
                  | rF- Int+8}
 34180 | Elf:1    | Noticed AceOff's ghost (journeyman DsSh)
 34457 | Elf:1    | Found an iron altar of Okawaru.
 34506 | Elf:2    | Paralysed by an air elemental for 1 turns
 34511 | Elf:2    | Paralysed by an air elemental for 1 turns
 34882 | Elf:2    | Reached skill level 20 in Fighting
 34883 | Elf:2    | Received a gift from Trog
 35256 | Elf:2    | Paralysed by an air elemental for 1 turns
 35380 | Elf:2    | Found a runed translucent gate.
 35380 | Elf:2    | Found a runed translucent gate.
 35380 | Elf:2    | Found a runed translucent gate.
 36620 | Elf:3    | Entered Level 3 of the Elven Halls
 36633 | Elf:3    | Reached skill level 21 in Fighting
 36655 | Elf:3    | Found Jeahut's Armour Boutique.
 36681 | Elf:3    | Received a gift from Trog
 36705 | Elf:3    | Identified the +6 quarterstaff "Killer Bee's Peril" {holy,
                  | +Blink}
 36863 | Elf:3    | Identified the +1 ring mail "Soxetey" {Rampage}
 36877 | Elf:3    | Noticed a Brimstone Fiend
 37054 | Elf:3    | Found Tonioshra's Jewellery Emporium.
 37061 | Elf:3    | Found a frozen archway.
 37070 | IceCv    | Entered an ice cave
 37231 | IceCv    | Received a gift from Trog
 37232 | IceCv    | Reached skill level 22 in Fighting
 37580 | IceCv    | Got a murmuring book
 37716 | Elf:3    | Reached XP level 21. HP: 151/151 MP: 22/22
 37729 | Elf:3    | Identified the amulet "Qof Ofaqack" {*Slow Fly rC- Regen+
                  | Dex+9}
 37731 | Elf:3    | Identified the ring of the Original Sin {Str-3 Int+5 Dex+2
                  | SInv}
 38209 | Elf:3    | Identified the +0 flail "Quh Ureg" {drain, +Blink rC+}
 38259 | Elf:3    | Identified the amulet "Naasaz" {Contam +Inv rN+ Regen+
                  | rCorr}
 38311 | Elf:3    | Identified the amulet of Ogesuog {Acrobat +Inv rC+ Int-5}
 38566 | Vaults:1 | Reached skill level 23 in Fighting
 38596 | Vaults:1 | Received a gift from Trog
 38764 | Vaults:1 | Paralysed by a formless jellyfish for 1 turns
 39433 | Elf:3    | Bought the +10 plate armour of the Beastly God {Will+} for
                  | 1198 gold pieces
 39996 | Vaults:1 | Noticed Donald
 40013 | Vaults:1 | Killed Donald
 40213 | Vaults:1 | Received a gift from Trog
 40679 | Vaults:1 | Found a transporter.
 40682 | Vaults:1 | Found a bloodstained altar of Trog.
 40689 | Vaults:1 | Noticed Plog's ghost (adept AtMo)
 40701 | Vaults:1 | Found a transporter.
 40777 | Vaults:1 | Reached skill level 24 in Fighting
 41034 | Vaults:1 | You are sucked into a shaft and drop 1 floor!
 41149 | Vaults:2 | Noticed Margery
 41160 | Vaults:2 | Paralysed by a formless jellyfish for 1 turns
 41166 | Vaults:2 | Killed Margery
 41605 | Vaults:2 | Identified the +6 scale mail of the Eternal Void {Contam
                  | rC+ Will+ Int+3}
 41764 | Vaults:2 | Reached XP level 22. HP: 163/163 MP: 23/23
 41855 | Vaults:2 | Reached skill level 25 in Fighting
 41855 | Vaults:2 | Found Baebb's Armour Shop.
 42226 | Vaults:2 | Found Quogg's Armour Shoppe.
 42435 | Vaults:2 | Received a gift from Trog
 42572 | Vaults:2 | Identified the +4 plate armour of Gatastra {Dex+3}
 42768 | Vaults:2 | Found a staircase to the Crypt.
 43072 | Vaults:3 | Identified the +2 ring mail of Iframamn {Dex+2}
 43574 | Vaults:3 | Noticed Asterion
 43584 | Vaults:3 | Gained mutation: Armour fits poorly on your strangely
                  | shaped body. [a cacodemon]
 43589 | Vaults:3 | Killed Asterion
 43623 | Vaults:3 | Lost mutation: You occasionally shout uncontrollably at
                  | your foes. [potion of mutation]
 43623 | Vaults:3 | Lost mutation: You are very agile. (Dex +8, Str/Int -2)
                  | [potion of mutation]
 43623 | Vaults:3 | Gained mutation: Your magical capacity is low. (-10% MP)
                  | [potion of mutation]
 43629 | Vaults:3 | Lost mutation: Armour fits poorly on your strangely shaped
                  | body. [potion of mutation]
 43629 | Vaults:3 | Lost mutation: Your magical capacity is low. (-10% MP)
                  | [potion of mutation]
 43629 | Vaults:3 | Gained mutation: You occasionally shout uncontrollably at
                  | your foes. [potion of mutation]
 43710 | Vaults:3 | Reached skill level 26 in Fighting
 44979 | Vaults:4 | Received a gift from Trog
 45534 | Vaults:4 | Reached skill level 27 in Fighting
 45565 | Vaults:4 | Reached XP level 23. HP: 127/175 MP: 24/24
 45685 | Vaults:4 | Found a runed translucent gate.
 45686 | Vaults:4 | Found a runed translucent gate.
 45688 | Vaults:4 | Found a runed translucent gate.
 45688 | Vaults:4 | Noticed Konoat's ghost (adept MiFi)
 46470 | Vaults:4 | Killed Konoat's ghost
 46472 | Vaults:4 | Received a gift from Trog
 46833 | Depths:1 | Entered Level 1 of the Depths
 46905 | Depths:1 | Found a runed translucent door.
 47600 | Depths:1 | Found a one-way gate to the infinite horrors of the Abyss.
 48335 | Depths:1 | Found a gateway to Hell.
 48686 | Depths:1 | Identified the ring "Penkoafu" {Ice Will+ rCorr Str+7
                  | Slay-5}
 49070 | Depths:2 | Found a one-way gateway to a ziggurat.
 49352 | Depths:2 | Reached skill level 15 in Armour
 49579 | Depths:2 | Found a large runed translucent door.
 49580 | Depths:2 | Found a large runed translucent door.
 49584 | Depths:2 | Noticed a shard shrike
 49770 | Depths:2 | Found a one-way gate leading to the halls of Pandemonium.
 50065 | Depths:2 | Received a gift from Trog
 50184 | Depths:2 | Killed a shard shrike
 50259 | Depths:2 | Noticed a royal mummy
 50392 | Depths:2 | Identified the +1 falchion "Hejo" {freeze, Fragile rPois
                  | rF+ Int+4}
 50753 | Depths:2 | Killed a royal mummy
 50754 | Depths:2 | Reached XP level 24. HP: 130/181 MP: 24/24
 51038 | Depths:2 | Identified the +0 cloak of the Kappa {rF+ rN+ Stlth-}
 51042 | Depths:2 | Identified the +0 ring mail "Luweriav" {*Slow rPois rC+
                  | Will+}
 51726 | Depths:3 | You are sucked into a shaft and drop 1 floor!
 51726 | Depths:4 | Entered Level 4 of the Depths
 51727 | Depths:4 | Found a gate to the Realm of Zot.
 51743 | Depths:4 | Received a gift from Trog
 52513 | Depths:3 | Found Odghoan's Jewellery Shoppe.
 52513 | Depths:3 | Found Ranafric's Book Shop.
 52514 | Depths:3 | Found Kuwkaci's Book Shop.
 52581 | Depths:3 | Got a levitating book
 53263 | Depths:4 | Reached skill level 15 in Dodging
 53333 | Depths:4 | Noticed a caustic shrike
 53334 | Depths:4 | Noticed a caustic shrike
 53339 | Depths:4 | Noticed a caustic shrike
 53353 | Depths:4 | Killed a caustic shrike
 53360 | Depths:4 | Killed a caustic shrike
 53604 | Depths:4 | Noticed a caustic shrike
 53610 | Depths:4 | Killed a caustic shrike
 53823 | Depths:4 | Received a gift from Trog
 54313 | Depths:4 | Killed a caustic shrike
 54540 | Depths:4 | Reached XP level 25. HP: 166/187 MP: 24/24
 55455 | Crypt:1  | Entered Level 1 of the Crypt
 55654 | Crypt:1  | Received a gift from Trog
 56065 | Crypt:1  | Found a basalt altar of Yredelemnul.
 56875 | Crypt:3  | Entered Level 3 of the Crypt
 57597 | Crypt:2  | Noticed Zenata
 57626 | Crypt:2  | Killed Zenata
 57981 | Crypt:2  | Received a gift from Trog
 58391 | Crypt:3  | Found a staircase to the Tomb.
 59660 | Crypt:3  | Noticed a dread lich
 59672 | Crypt:3  | Killed a dread lich
 59698 | Crypt:3  | Noticed a dread lich
 59861 | Crypt:3  | Killed a dread lich
 59868 | Crypt:3  | Got a blackened book
 59870 | Crypt:3  | Got a dog-eared book
 59885 | Crypt:3  | Identified the scarf "Dyacvul" {shadows, rPois}
 60282 | Vaults:5 | Entered Level 5 of the Vaults
 60333 | Vaults:5 | Got a silver rune of Zot
 60357 | Vaults:5 | Identified the +0 shortbow of Winter {heavy, *Corrode rF+
                  | Str+4 Dex+3}
 60408 | Vaults:5 | Received a gift from Trog
 60483 | Vaults:5 | Reached XP level 26. HP: 162/193 MP: 24/24
 60784 | Vaults:5 | Identified the +11 demon whip "Jeshruar" {elec, Str+3
                  | Dex+3}
 60784 | Vaults:5 | Identified the ring "Tewk" {Will+ MP+9 Str+3 Slay+4}
 61306 | Vaults:5 | Received a gift from Trog
 61831 | Vaults:5 | Identified the +4 leather armour "Gyco" {Fly rCorr Stlth+}
 61931 | Vaults:5 | Identified the +0 robe of Too Many Cooks {+Inv rElec rN++
                  | Int+3}
 61970 | Vaults:5 | Identified the +0 robe "Wips" {Rampage Stlth+ Archmagi}
 62207 | Vaults:5 | Identified the +0 ring mail "Okkish Kave" {+Inv rCorr}
 62224 | Vaults:5 | Identified the staff of the Enemy {Str+3 Conj}
 62329 | Vaults:5 | Got a loosely-bound book
 62337 | Vaults:5 | Identified the staff of Wrongful Imprisonment {*Corrode rC+
                  | Int+7 Stlth+ Conj Ice}
 62349 | Vaults:5 | Identified the staff of the Mauling Gods {rElec rC++ Str+5
                  | Int-3 Air}
 63070 | Zot:1    | Entered Level 1 of the Realm of Zot
 63121 | Zot:1    | Found the +4 dragonskin cloak
 63121 | Zot:1    | Noticed Tiamat
 63145 | Zot:1    | Received a gift from Trog
 63168 | Zot:1    | Killed Tiamat
 63774 | Zot:1    | Reached XP level 27. HP: 100/199 MP: 24/24
 64126 | Zot:2    | Found Imoubuse's Changing Room.
 64150 | Zot:2    | Found a shimmering altar of Xom.
 65372 | Zot:2    | Identified the +0 ring mail of the Game of Life {rElec
                  | rPois Int-3 Stlth+}
 65436 | Zot:2    | Found an ornate altar of the Wu Jian Council.
 65584 | Zot:2    | Received a gift from Trog
 65953 | Zot:2    | Identified the +4 long sword of Hehocim {heavy, rC+ Str+3
                  | Int+3}
 67192 | Zot:5    | Entered Level 5 of the Realm of Zot
 67236 | Zot:5    | Received a gift from Trog
 67699 | Zot:5    | Noticed an orb of fire
 67706 | Zot:5    | Noticed an orb of fire
 67707 | Zot:5    | Killed an orb of fire
 67719 | Zot:5    | Killed an orb of fire
 68346 | Zot:5    | Noticed an orb of fire
 68361 | Zot:5    | Killed an orb of fire
 68472 | Zot:5    | Noticed an ancient lich
 68486 | Zot:5    | Killed an ancient lich
 68540 | Zot:5    | Noticed a dread lich
 68542 | Zot:5    | Noticed an ancient lich
 68554 | Zot:5    | Killed a dread lich
 68593 | Zot:5    | Noticed an orb of fire
 68597 | Zot:5    | Noticed an ancient lich
 68601 | Zot:5    | Noticed an ancient lich
 68612 | Zot:5    | Killed an orb of fire
 68615 | Zot:5    | Killed an ancient lich
 68623 | Zot:5    | Killed an ancient lich
 68762 | Zot:5    | Paralysed by a Zot trap for 2 turns
 68905 | Zot:5    | Got the Orb of Zot
 69070 | Zot:1    | Received a gift from Trog
 69267 | Depths:3 | Noticed Nemeir the pandemonium lord
 69692 | D:$      | Escaped with the Orb!

Illustrated notes

Levels and vault maps discovered:
D:1:      dpeg_arrival_more_subterranean_lakeside_camping, layout_basic,
          minivault_11
D:2:      layout_loops_corners, serial_shops, nicolae_shop_tiny_statue_garden
D:3:      layout_rooms, tgw_kikubaaqudgha, kennysheep_cross_room
D:4:      layout_basic, serial_shops, nicolae_shop_waterfront, uniq_edmund,
          uniq_sigmund
D:5:      layout_basic, nzn_wu_jian_council_hall,
          minmay_temple_entry_statues_fountains
D:6:      layout_basic, elyvilon_altar_5, mainiacjoe_overflow_tiny_flanked
D:7:      minmay_chambers_of_fours, layout_loops_ring,
          nicolae_nh_ransacked_shop, uniq_duvessa
D:8:      layout_rooms, ashenzari_altar_1, jmf_multi_god_temple
D:9:      layout_stronghold, tgw_trog, marbit_many_paths,
          minmay_misc_feat_encased, uniq_amaemon
D:10:     layout_irregular_city, zin_purify, lemuel_crystal_altar, david_orc_3,
          minivault_13
D:11:     layout_stronghold, hellmonk_lair_entry_icy, uniq_grum
D:12:     layout_roguey, uniq_nergalle
D:13:     layout_irregular_city, lightli_vaults_fourway_checkpoint,
          serial_shops, bzr_entry_road
D:14:     minmay_bubble_buster, layout_rooms, kennysheep_donut
D:15:     hangedman_depths_entry_civil_slaughter, layout_basic,
          serial_park_tiny_2, uniq_josephine
Temple:   hellmonk_temple_of_storms
Lair:1:   dragon1_lemuel, layout_loops_ring, st_stairs_5, beast_lair_carwin_5
Lair:2:   layout_long_grid, minmay_shoals_entry_beasts,
          ebering_ghost_disaster_area, minmay_stone_trees_medium,
          lemuel_fruit_fields, grunt_megastairs_5
Lair:3:   layout_cave_pods, alex1729_snake_entry_snake,
          chequers_serial_rivers_small_a, lemuel_old_faithful
Lair:4:   layout_cave_pods, basic_altar, serial_bayou_shore_b,
          infiniplex_staircase_pool_2, lemuel_fruit_fields
Lair:5:   guppyfry_lair_end_dragon, layout_regular_city,
          nicolae_slime_entry_slimehenge, nicolae_lair_grove_arrangements,
          uniq_sonja, uniq_nessos
Shoals:1: nicolae_shoals_offshore_bank_account, layout_shoals, uniq_jorgrun
Shoals:2: layout_shoals, gammafunk_ghost_grave
Shoals:3: layout_shoals, gammafunk_ghost_arena
Shoals:4: shoals_end_grunt_garden, layout_shoals, serial_shops,
          nicolae_lakefront_shop, gammafunk_ghost_tricky_traps
Snake:1:  nicolae_snake_attic_fulla_snakes, layout_gridlike,
          nicolae_snake_salamander_zone, serial_bayou_shore_b, minmay_shop_star,
          uniq_mlioglotl
Snake:2:  nicolae_aizul_guard, layout_honeycomb, grunt_megastairs_4, uniq_aizul
Snake:3:  layout_cave_shapes
Snake:4:  snake_pit_salamanders_mu, layout_basic, nicolae_snake_squiggles,
          nicolae_shop_gadgets, serial_bayou_shore_a, uniq_vashnia, uniq_nikola
Orc:1:    layout_caves
Orc:2:    grunt_orc_cross, layout_caves, basic_altar
Elf:1:    eino_elf_arrival_the_gate, layout_geoelf_diagonals,
          gammafunk_ghost_fury_of_okawaru, minmay_elf_sorcery,
          nicolae_elf_martial_mastery
Elf:2:    nicolae_elf_blades_splatter_lattice [nicolae_blade_bullseye],
          layout_gridlike, nicolae_elf_glass_and_crystal_pillar_1
Elf:3:    grunt_elf_hall_spiral, layout_geoelf_octagon,
          portal_ice_cave_entry_frozen_things, serial_shops, shop,
          nicolae_shop_statue_plus
Vaults:1: gammafunk_ghost_wrathful_warriors,
          nicolae_vaults_trapezoid_lopsided_2,
          nicolae_vaults_variable_pillar_hall_cross, v_misc_3,
          nicolae_vaults_diamond_2, nicolae_vaults_tetromino_T_1,
          nicolae_vaults_little_squares_4, nicolae_vaults_what_the_h,
          nicolae_vaults_little_squares_3, nicolae_vaults_diamond_1,
          vaults_dpeg_hooks, layout_vaults_omnicross, uniq_donald
Vaults:2: nicolae_vaults_more_shelving_2, minmay_crypt_entry_skeletal_spiral,
          nicolae_vaults_six-pack, vaults_mumra_minichess,
          nicolae_vaults_taking_the_gang_shopping,
          nicolae_vaults_network_periphery, hangedman_vaults_cutoff,
          nicolae_vaults_apartment_1, layout_vaults_chaotic_city, serial_shops,
          nicolae_shop_advertising_works [nicolae_subvault_shop_adworks],
          uniq_margery
Vaults:3: nicolae_vaults_quadrants, nicolae_vaults_little_squares_3,
          vaults_room_grid, nicolae_vaults_bisected_exclaves,
          nicolae_vaults_shelves_hall, ontoclasm_vaults_chip,
          nicolae_vaults_trapezoid_2, layout_vaults_omnigrid, uniq_asterion
Vaults:4: gammafunk_ghost_spectres, nicolae_vaults_turnstiles,
          nicolae_vaults_offset_grid_hallway_2, vaults_room_glass_cross,
          dpeg_vaults_monster_row, hangedman_vaults_stretched_pinwheel,
          nicolae_vaults_spaceships, nicolae_vaults_little_squares_4,
          nicolae_vaults_storage_closets_1, v_alt_pattern_2, v_misc_4,
          nicolae_vaults_little_squares_4, layout_vaults_omnibox
Vaults:5
Crypt:1:  layout_gridlike, hangedman_blasphemy, grunt_megastairs_1
Crypt:2:  layout_rooms, uniq_zenata
Crypt:3:  david_glass_crypt, layout_chaotic_city,
          nicolae_tomb_entry_unfolded_pyramid_diagonal, lemuel_freeze_loot_1
Depths:1: layout_small_grid, hellmouth_1, abyss_entry, minmay_crystal_box
Depths:2: lightli_eight_chambers, layout_gridlike, enter_ziggurat_c,
          abyss_entry, rand_demon_pan_entry_3, grunt_hell_entry_dis_mu,
          hangedman_decor_opposing, minmay_staircase_bubble, firewood_loft
Depths:3: minmay_mutant_horseshoe, layout_gridlike, abyss_entry_glasseish,
          hangedman_abyss_or_decor_lesser_grid, pf_hell_entry_great_geh,
          minmay_shop_grove
Depths:4: grunt_runaround [grunt_runaround_doors_1, grunt_runaround_doors_2,
          grunt_runaround_doors_3, grunt_runaround_doors_4,
          grunt_runaround_zot], abyss_entry, serial_shops, hell_entry
Zot:1:    layout_misc_corridors, amethyst_zot_foddershock, grunt_megastairs_3,
          uniq_tiamat
Zot:2:    lemuel_acid_trip, layout_concentric_octagons,
          nicolae_transmutations_shop, hangedman_feature_mirror
Zot:3:    layout_gridville
Zot:4:    layout_twisted_circle
Zot:5:    layout_basic, st_stairs_1

Skill      XL: |  1  2  3  4  5  6  7  8  9 10 11 12 13 14 15 16 17 18 19 20 21 22 23 24 25 26 27 |
---------------+----------------------------------------------------------------------------------+-----
Dodging        | 3 8 10 13 16 19 20 | 20.3
Polearms       | 4 5 6 8 10 12 14 16 18 19 20 24 | 24.8
Throwing       | 1 2 3 4 5 7 10 | 10.4
Fighting       | 7 12 13 14 16 17 19 22 24 27 | 27.0
Evocations     | 2 7 10 11 13 | 13.3
Armour         | 3 6 11 14 16 18 21 22 | 22.3
Shields        | 1 7 8 9 11 13 15 17 20 | 20.6

Action                     |  1- 3 |  4- 6 |  7- 9 | 10-12 | 13-15 | 16-18 | 19-21 | 22-24 | 25-27 || total
---------------------------+-------+-------+-------+-------+-------+-------+-------+-------+-------++-------
  Melee: Spear             |    87 |    59 |       |       |       |       |       |       |       ||   146
         Peck              |     9 |    20 |    21 |    66 |   157 |   172 |   253 |   349 |   515 ||  1562
         Kick              |    17 |    40 |    51 |   108 |   279 |   282 |   428 |   595 |   796 ||  2596
         Punch             |     1 |       |     1 |       |       |       |       |       |       ||     2
         Quarterstaff      |       |    73 |     4 |       |       |       |       |       |       ||    77
         Halberd           |       |       |    35 |       |       |       |       |       |       ||    35
         Trident           |       |       |   151 |   440 |   842 |  1180 |  1165 |  1405 |  1375 ||  6558
         Demon trident     |       |       |       |       |       |       |       |       |   469 ||   469
  Throw: Dart              |       |     1 |     4 |     6 |    14 |       |       |       |       ||    25
         Boomerang         |       |       |       |    12 |    67 |   103 |   131 |    87 |    86 ||   486
         Javelin           |       |       |       |       |       |     6 |     6 |       |    23 ||    35
 Invoke: Berserk           |       |     1 |     3 |     5 |     6 |     7 |     4 |    10 |     6 ||    42
         Trog's Hand       |       |     1 |     2 |     1 |     4 |     1 |    13 |     6 |     9 ||    37
         Brothers in Arms  |       |       |       |       |     1 |     6 |     5 |     8 |    13 ||    33
  Evoke: Lightning rod     |       |       |       |       |    10 |     4 |     3 |     1 |       ||    18
         Condenser vane    |       |       |       |       |     1 |     1 |       |       |     1 ||     3
         Wand              |       |       |       |       |     1 |    27 |    16 |    22 |    57 ||   123
         Sack of spiders   |       |       |       |       |       |       |       |       |     2 ||     2
         Phantom mirror    |       |       |       |       |       |       |       |       |     2 ||     2
    Use: Scroll            |       |     4 |     2 |     6 |     7 |    19 |     6 |     8 |    31 ||    83
         Potion            |       |     1 |       |       |     4 |     4 |     5 |     3 |    23 ||    40
   Stab: Sleeping          |     3 |       |       |       |       |       |       |       |       ||     3
         Distracted        |       |       |     5 |     7 |    24 |    25 |     1 |     3 |     3 ||    68
         Petrified         |       |       |       |       |     6 |       |       |       |       ||     6
         Petrifying        |       |       |       |       |     1 |       |       |       |       ||     1
         Confused          |       |       |       |       |     3 |       |       |       |       ||     3
         Invisible         |       |       |       |       |       |     8 |     1 |       |     4 ||    13
 Armour: Animal skin       |    13 |       |       |       |       |       |       |       |       ||    13
         Leather armour    |     4 |    16 |       |       |       |       |       |       |       ||    20
         Ring mail         |       |    25 |       |       |       |       |       |       |       ||    25
         Scale mail        |       |    13 |    13 |    41 |   137 |       |       |       |       ||   204
         Chain mail        |       |       |    32 |    46 |       |       |       |       |       ||    78
         Plate armour      |       |       |       |       |    67 |   431 |   497 |   729 |   201 ||  1925
         Crystal plate arm |       |       |       |       |       |       |       |       |   647 ||   647
  Dodge: Dodged            |    35 |    55 |    77 |   116 |   161 |   477 |   457 |   640 |   731 ||  2749
  Block: Buckler           |       |       |       |    50 |   100 |    33 |       |       |       ||   183
         Kite shield       |       |       |       |       |       |   395 |   677 |   996 |   504 ||  2572
         Reflection        |       |       |       |       |       |       |    62 |    54 |    51 ||   167
         Tower shield      |       |       |       |       |       |       |       |       |   772 ||   772

Table legend: (Time is in decaauts)
 A = Elapsed time spent in this place.
 B = Non-inter-level travel time spent in this place.
 C = Inter-level travel time spent in this place.
 D = Time resting spent in this place.
 E = Time spent auto-exploring this place.
 F = Levels seen in this place.
 G = Mean time per level.
                   A        B        C        D        E       F      G
               +--------+--------+--------+--------+--------+-----+--------+
         Total |  68827 |  62609 |   6218 |  12610 |  19916 |  53 | 1298.6 |
       Dungeon |  16423 |  13543 |   2880 |   1416 |   5141 |  15 | 1094.9 |
        Temple |      5 |      5 |      0 |      0 |      0 |   1 |    5.0 |
          Lair |   5892 |   5427 |    465 |    482 |   3248 |   5 | 1178.4 |
        Shoals |   4612 |   4238 |    374 |    526 |   1393 |   4 | 1153.0 |
     Snake Pit |   5050 |   4739 |    311 |    476 |   1857 |   4 | 1262.5 |
  Orcish Mines |   1643 |   1313 |    330 |     98 |    747 |   2 |  821.5 |
   Elven Halls |   4906 |   4408 |    498 |    808 |   1469 |   3 | 1635.3 |
        Vaults |  10053 |   9552 |    501 |   1955 |   3022 |   5 | 2010.6 |
         Crypt |   4731 |   4596 |    135 |   1788 |    711 |   3 | 1577.0 |
        Depths |   9149 |   8568 |    581 |   3219 |   1887 |   4 | 2287.2 |
           Zot |   5494 |   5354 |    140 |   1619 |    402 |   5 | 1098.8 |
        Bazaar |    291 |    291 |      0 |      0 |      0 |   1 |  291.0 |
      Ice Cave |    573 |    573 |      0 |    219 |     39 |   1 |  573.0 |
               +--------+--------+--------+--------+--------+-----+--------+

Top non-repeatable levels by time:
Depths:4: 2895 daAuts
Depths:2: 2500 daAuts
Vaults:5: 2383 daAuts
 Crypt:3: 2215 daAuts
   Elf:2: 2186 daAuts
Depths:1: 2055 daAuts
Vaults:4: 2044 daAuts
Vaults:2: 2009 daAuts
Vaults:3: 1927 daAuts
 Snake:4: 1798 daAuts
   Zot:1: 1717 daAuts
Depths:3: 1698 daAuts
Vaults:1: 1688 daAuts
    D:13: 1606 daAuts
  Lair:2: 1517 daAuts
